 Dungeon Crawl Stone Soup version 0.29-a0-275-g389c0b56f3 (webtiles) character file.

Game seed: 10439398321398174340

948 spaghetti the Magician (level 7, -2/43 HPs)
             Began as a Deep Elf Chaos Knight on Mar 10, 2022.
             Was a Plaything of Xom.
             Slain by a gnoll shaman
             ... wielding a +1 whip of electrocution
              (7 damage)
             ... on level 5 of the Dungeon.
             The game lasted 00:09:30 (6332 turns).

spaghetti the Magician (Deep Elf Chaos Knight)      Turns: 6332, Time: 00:09:31

Health: -2/43      AC:  8    Str:  9    XL:     7   Next: 89%
Magic:  18/20      EV: 12    Int: 19    God:    Xom [*.....]
Gold:   108        SH:  0    Dex: 20    Spells: 11/18 levels left

rFire   + . .      SeeInvis .   h - +2 whip (venom) {mace}
rCold   + . .      Faith    .   (no shield)
rNeg    . . .      Spirit   .   b - +3 leather armour
rPois   .          Reflect  .   (no helmet)
rElec   .          Harm     .   (no cloak)
rCorr   .          Rampage  .   (no gloves)
Will    ++...                   (no boots)
Stlth   +.........              (no amulet)
HPRegen 0.14/turn               o - +6 ring of dexterity
MPRegen 0.17/turn               (no ring)

@: hasted, very quick
A: talons 1, iridescent scales 1, cold resistance 1, fire resistance 1, high MP
1, strong-willed 2, wild magic 1
a: Renounce Religion


You were on level 5 of the Dungeon.
You worshipped Xom.
You were a special plaything of Xom.
You visited 1 branch of the dungeon, and saw 5 of its levels.

You collected 269 gold pieces.
You spent 161 gold pieces at shops.


Innate Abilities, Weirdness & Mutations

You have sharp toenails.
You are partially covered in iridescent scales. (AC +2)
Your flesh is cold resistant. (rC+)
Your flesh is heat resistant. (rF+)
You have an increased reservoir of magic. (+10% MP)
You are highly strong-willed. (Will++)
Your spells are a little harder to cast, but a little more powerful.


   Skills:
 - Level 4.0 Fighting
 - Level 3.0 Short Blades
 - Level 0.7 Armour
 - Level 2.4 Dodging
 + Level 6.3 Spellcasting
 + Level 4.8 Conjurations
 + Level 4.7 Fire Magic


You had 11 spell levels left.
You knew the following spells:

 Your Spells              Type           Power      Damage    Failure   Level
a - Conjure Flame         Conj/Fire      31%        6-21      10%         3
b - Sticky Flame          Conj/Fire      31%        2d5       28%         4

Your spell library contained the following spells:

 Spells                   Type           Power      Damage    Failure   Level
 Ignite Poison            Fire/Tmut/Pois 15%        N/A       30%         3

Inventory:

Hand Weapons
 h - a +2 whip of venom (weapon) {mace}
   (You took it off a gnoll on level 5 of the Dungeon)
 l - a +4 dagger of speed {short}
   (You found it on level 3 of the Dungeon)
Missiles
 g - 15 poisoned darts {throwing}
 j - 158 stones (quivered) {throwing}
 u - 3 javelins {throwing}
Armour
 b - a +3 leather armour (worn)
Jewellery
 i - a ring of flight
   (You found it on level 1 of the Dungeon)
 o - a +6 ring of dexterity (left hand)
   (You found it on level 3 of the Dungeon)
 p - an amulet of guardian spirit
   (You found it on level 4 of the Dungeon)
Wands
 d - a wand of flame (29)
   (You took it off Sigmund on level 3 of the Dungeon)
 e - a wand of acid (7)
   (You took it off Ijyb on level 4 of the Dungeon)
Scrolls
 m - 2 scrolls of immolation {!r!r}
 n - 2 scrolls of vulnerability {!r!r}
 r - a scroll of teleportation {@r4}
 s - a scroll of enchant armour
Potions
 f - a potion of resistance
 t - a potion of cancellation
Miscellaneous
 c - a piece from Xom's chessboard (15/15)

Dungeon Overview and Level Annotations

Branches:
Dungeon (5/15)
 Temple: D:4-7

Altars:
Xom

Shops:
D:4 [(!(

####P≈PP♣♣♣≈≈P.#.....
##.≈≈♣≈≈≈≈PP....##.
###.≈≈≈♣≈♣(PPP...###.
≈≈≈≈≈♣≈♣≈≈P.P....# ##
≈≈≈≈≈g≈≈≈≈≈P.....####
♣≈≈≈≈≈(P..........##
≈≈.≈≈≈.............#
##g.....†.........
###@g...............
###..)..............##
###....................#
#####...).................##
###........................##.
..#.............<........####.
............##.......#.#####.)
#...........###..#####.# #...
.............÷.##### #.# ##...


You could see a gnoll shaman and 2 gnolls.


Message History

[Y]es or [N]o only, please.
Your line of fire to the gnoll shaman is blocked by a plant.
Continue anyway?
Okay, then.
You see here a +0 whip {mace}.
You start waiting.
You hear a splashing noise. x3
A gnoll comes into view. It is wielding a +0 halberd.
A gnoll is nearby!
A gnoll is nearby!
You throw a stone {throwing}.
The stone {throwing} closely misses the gnoll.
The gnoll shouts!
You hear a shout!
No target in view!
No target in view!
No target in view!
No target in view!
No target in view!
No target in view!
No target in view!
No target in view!
No target in view!
No target in view!
No target in view!
No target in view!
The gnoll shaman shouts!
A gnoll is nearby!
You throw a stone {throwing}.
The stone {throwing} hits the gnoll but does no damage.
The gnoll hits you from afar with a +0 halberd. 😕 HP[-6]
You take 6 damage, and now have 37/43 hp.
You throw a stone {throwing}.
The stone {throwing} closely misses the gnoll.
You hear a splash.
The gnoll hits you from afar with a +0 halberd!
You are too injured to fight recklessly!
You are too injured to fight recklessly! 😮 HP[-8]
You take 8 damage, and now have 29/43 hp.
You are too injured to fight recklessly!
You are too injured to fight recklessly!
You are too injured to fight recklessly!
You are too injured to fight recklessly!
A gnoll comes into view. It is wielding a +0 club.
The gnoll shouts!
You hear a shout!
The gnoll shaman calls upon its god to speed up the gnoll.
The gnoll seems to speed up.
The gnoll moves out of view.
You hit the gnoll.
The gnoll is poisoned.
The gnoll misses you. The gnoll closely misses you.
You hit the gnoll.
The gnoll looks as sick as possible!
The gnoll misses you. The gnoll shaman barely misses you.
You barely miss the gnoll shaman.
You kill the gnoll!
The gnoll shaman hits you with a +1 whip of electrocution.
You are electrocuted!
* * * LOW HITPOINT WARNING * * *
😨 HP[-14]
You take 14 damage, and now have 15/43 hp.
MASSIVE DAMAGE!! (PAUSE) Really quaff
a - a potion of lignification {!q}?
Really quaff the potion of lignification?
You turn into a tree.
Your +3 leather armour melds into your body.
Your roots penetrate the ground.
A gnoll comes into view. It is wielding a +0 halberd.
The gnoll shaman hits you with a +1 whip of electrocution.
* * * LOW HITPOINT WARNING * * *
😨 HP[+7]
You now have 64 max hp (+21).
You regained 7 hp, and now have 22/64 hp.
You feel protected.
The gnoll shaman hits you but does no damage.
It was a potion of mutation.
You feel extremely strange.
You no longer feel heat resistant.
You feel weaker.
You feel more energetic.
Xom is mildly amused.
Your toenails lengthen and sharpen.
You feel resistant to heat.
Xom is mildly amused.
The gnoll shaman hits you but does no damage. 😨 HP[+1] It was a potion of flight.
Your roots keep you in place.
Xom roars with laughter!
The gnoll shaman hits you with a +1 whip of electrocution.
* * * LOW HITPOINT WARNING * * *
😨 HP[-6]
You take 6 damage, and now have 17/64 hp.
It was a potion of cancellation.
Your magical effects are unravelling.
You feel magically purged.
You feel less wooden.
Your +3 leather armour unmelds from your body.
Your resistance to elements expires.
The gnoll shaman hits you with a +1 whip of electrocution.
* * * LOW HITPOINT WARNING * * *
😱 HP[-12]
You now have 43 max hp (-21).
It was a potion of haste.
You feel yourself speed up. The gnoll barely misses you.
The gnoll shaman hits you with a +1 whip of electrocution!
You die...

Skill      XL: |  1  2  3  4  5  6  7 |
---------------+----------------------+-----
Fighting       | 3 4 |  4.0
Spellcasting   | 1 3 5 6 |  6.3
Conjurations   | 2 3 4 |  4.8
Fire Magic     | 2 3 4 |  4.7
Short Blades   | |  3.0
Armour         | |  0.7
Dodging        | |  2.4

Action                   |  1- 3 |  4- 6 |  7- 9 || total
-------------------------+-------+-------+-------++-------
Melee: Short sword       |   101 |    33 |       ||   134
       Dagger            |       |    42 |    92 ||   134
       Whip              |       |       |    11 ||    11
       Punch             |       |       |     1 ||     1
Throw: Dart              |    61 |     7 |       ||    68
       Stone             |    24 |    88 |    77 ||   189
Evoke: Piece from Xom's  |     7 |     1 |       ||     8
  Use: Scroll            |     6 |     3 |     1 ||    10
       Potion            |     2 |     1 |     8 ||    11
 Stab: Invisible         |     2 |       |       ||     2
       Paralysed         |       |     1 |       ||     1
Armor: Leather armour    |    39 |    12 |    23 ||    74
       Skin              |       |       |     2 ||     2
Dodge: Dodged            |    50 |    31 |    62 ||   143

Levels and vault maps discovered:
D:1:      elethiomel_arrival_shortcut, layout_basic, minmay_misc_feat_cross
D:2:      layout_rooms, hangedman_decor_clover_reticule,
          minmay_stone_trees_small
D:3:      cheibrodos_helix_gallery, layout_basic,
          hellmonk_ecumenical_altar_arch_garden, uniq_sigmund
D:4:      layout_loops_corners, tgw_xom, serial_shops, nicolae_square_shop,
          shop_statue, nicolae_shop_temple_entry_statues_fountains,
          nicolae_shop_trees, chequers_big_river, grunt_ministairs_12,
          kennysheep_generic_room_12, uniq_ijyb
D:5:      layout_cave_pods, nzn_overflow_gifts_of_might_and_magic,
          serial_bayou_lagoon_a

Notes
Turn   | Place    | Note
-------+----------+-------------------------------------------
     0 | D:1      | spaghetti the Deep Elf Chaos Knight began the quest for the
                  | Orb.
     0 | D:1      | Reached XP level 1. HP: 13/13 MP: 3/3
     0 | D:1      | magus.rc [v1.9.6]
   249 | D:1      | Reached skill level 3 in Fighting
   249 | D:1      | Reached XP level 2. HP: 18/19 MP: 4/4
   347 | D:1      | XOM: silly message
   436 | D:1      | XOM: divination: magic mapping
   694 | D:1      | Reached XP level 3. HP: 23/23 MP: 5/5
   920 | D:1      | XOM: silly message
   977 | D:2      | You add the spells Conjure Flame, Ignite Poison and Sticky
                  | Flame to your library.
  1064 | D:2      | XOM: silly message
  1236 | D:2      | Reached skill level 1 in Spellcasting
  1527 | D:2      | XOM: divination: detect creatures
  1682 | D:2      | XOM: divination: magic mapping
  1735 | D:3      | XOM: cloud trail
  1807 | D:3      | XOM: 3-stop teleportation journey
  1818 | D:3      | Reached XP level 4. HP: 11/29 MP: 8/8
  1832 | D:3      | XOM: 4-stop teleportation journey
  2144 | D:3      | Reached skill level 2 in Spellcasting
  2256 | D:3      | XOM: cloud trail
  2280 | D:3      | XOM: give mutations
  2280 | D:3      | Gained mutation: Your flesh is cold resistant. (rC+) [Xom's
                  | grace]
  2280 | D:3      | Gained mutation: A frigid envelope surrounds you and
                  | freezes all who hurt you. [Xom's grace]
  2280 | D:3      | Gained mutation: You are partially covered in iridescent
                  | scales. (AC +2) [Xom's grace]
  2280 | D:3      | Gained mutation: Your spells are a little harder to cast,
                  | but a little more powerful. [Xom's grace]
  2353 | D:3      | Learned a level 3 spell: Conjure Flame
  2462 | D:3      | Learned a level 4 spell: Sticky Flame
  2564 | D:3      | Noticed Sigmund
  2573 | D:3      | XOM: cast spell 'Call Canine Familiar'
  2593 | D:3      | Killed Sigmund
  2594 | D:3      | Reached skill level 4 in Fighting
  2594 | D:3      | Reached skill level 3 in Spellcasting
  2594 | D:3      | Reached skill level 2 in Conjurations
  2594 | D:3      | Reached skill level 2 in Fire Magic
  2594 | D:3      | Reached XP level 5. HP: 31/33 MP: 9/12
  2618 | D:3      | XOM: divination: detect creatures
  2667 | D:3      | Found a faded altar of an unknown god.
  2691 | D:3      | Identified the +1 rapier "Cookie Cutter" {vorpal, rPois rF+
                  | Dex-2}
  3244 | D:3      | XOM: give mutations
  3244 | D:3      | Gained mutation: You are strong-willed. (Will+) [Xom's
                  | grace]
  3244 | D:3      | Gained mutation: Your muscles are strong. (Str +2) [Xom's
                  | grace]
  3244 | D:3      | Gained mutation: You are highly strong-willed. (Will++)
                  | [Xom's grace]
  3244 | D:3      | Gained mutation: Your flesh is heat resistant. (rF+) [Xom's
                  | grace]
  3467 | D:4      | Noticed a black bear
  3467 | D:4      | XOM: 2-stop teleportation journey
  3477 | D:4      | Reached XP level 6. HP: 37/38 MP: 13/13
  3554 | D:4      | Found Viakh's Weapon Shop.
  3612 | D:4      | Reached skill level 4 in Spellcasting
  3636 | D:4      | XOM: cloud trail
  3735 | D:4      | Found Wuofaur's Distillery.
  3762 | D:4      | Reached skill level 3 in Conjurations
  3768 | D:4      | XOM: potion effect (berserk rage)
  3798 | D:4      | Reached skill level 3 in Fire Magic
  3812 | D:4      | XOM: cloud trail
  3926 | D:4      | XOM: 3-stop teleportation journey
  4025 | D:4      | Reached skill level 5 in Spellcasting
  4025 | D:4      | Reached XP level 7. HP: 36/43 MP: 16/16
  4209 | D:4      | Found Nawo's Antique Weapon Shoppe.
  4216 | D:4      | XOM: smoke on damage
  4223 | D:4      | Reached skill level 4 in Conjurations
  4227 | D:4      | Bought a glowing quarterstaff for 161 gold pieces
  4315 | D:4      | Reached skill level 4 in Fire Magic
  4317 | D:4      | Noticed Ijyb
  4621 | D:4      | XOM: 1-stop teleportation journey
  4648 | D:4      | Found Lagigimuri's Armour Emporium.
  4858 | D:4      | Killed Ijyb
  4859 | D:4      | Reached skill level 6 in Spellcasting
  5114 | D:4      | Found a shimmering altar of Xom.
  5359 | D:4      | XOM: give mutation
  5359 | D:4      | Lost mutation: A frigid envelope surrounds you and freezes
                  | all who hurt you. [Xom's mischief]
  5370 | D:5      | Entered Level 5 of the Dungeon
  5404 | D:5      | XOM: cleaving
  5424 | D:5      | XOM: noise
  6185 | D:5      | XOM: summons 3 hostile demons
  6329 | D:5      | Lost mutation: Your flesh is heat resistant. (rF+) [potion
                  | of mutation]
  6329 | D:5      | Lost mutation: Your muscles are strong. (Str +2) [potion of
                  | mutation]
  6329 | D:5      | Gained mutation: You have an increased reservoir of magic.
                  | (+10% MP) [potion of mutation]
  6329 | D:5      | Gained mutation: You have sharp toenails. [potion of
                  | mutation]
  6329 | D:5      | Gained mutation: Your flesh is heat resistant. (rF+)
                  | [potion of mutation]
  6331 | D:5      | HP: 5/43 [gnoll shaman/+1 whip of electrocution (6)]
  6332 | D:5      | Slain by a gnoll shaman

Vanquished Creatures
  2 black bears (D:4)
  3 ogres (D:4)
  A hound (D:4)
  Ijyb (D:4)
  An iguana (D:5)
  7 adders
  8 gnolls
  A white imp (D:5)
  3 worms
  3 dart slugs
  7 orcs
  9 ball pythons
  7 endoplasms
  6 giant cockroaches
  7 goblins
  7 hobgoblins
  5 jackals
  8 kobolds
  5 quokkas
  7 bats
  7 rats
105 creatures vanquished.

Vanquished Creatures (collateral kills)
  Sigmund (D:3)
  An adder (D:2)
2 creatures vanquished.

Vanquished Creatures (others)
  55 plants
55 creatures vanquished.

Grand Total: 162 creatures vanquished

Table legend:
 A = Non-vault XP
 B = Vault XP
 C = Vault XP percentage of total XP
 D = Non-vault monster count
 E = Vault monster count
 F = Vault count percentage of total count
                 A         B        C        D         E       F
            +---------+---------+-------+---------+---------+-------
      Total |    1090 |     265 |  19.6 |     101 |       6 |   5.6
            +---------+---------+-------+---------+---------+-------
        D:1 |      44 |       0 |   0.0 |      26 |       0 |   0.0
        D:2 |      40 |       0 |   0.0 |      17 |       0 |   0.0
        D:3 |      70 |     223 |  76.1 |      21 |       3 |  12.5
        D:4 |     788 |      42 |   5.1 |      24 |       3 |  11.1
        D:5 |     148 |       0 |   0.0 |      13 |       0 |   0.0
            +---------+---------+-------+---------+---------+-------

Illustrated notes

Table legend:
 A = Kills in this place as a percentage of kills in entire the game.
 B = Kills by you in this place as a percentage of kills by you in the entire game.
 C = Kills by friends in this place as a percentage of kills by friends in the entire game.
 D = Other kills in this place as a percentage of other kills in the entire game.
 E = Experience gained in this place as a percentage of experience gained in the entire game.
 F = Experience gained in this place divided by the number of levels of this place that you have seen.
                   A       B       C       D       E      F
               +-------+-------+-------+-------+-------+----------------------
         Total | 100.0 | 100.0 | 100.0 |   N/A | 100.0 | 271.0
       Dungeon | 100.0 | 100.0 | 100.0 |   N/A | 100.0 | 271.0
               +-------+-------+-------+-------+-------+----------------------

Table legend: (Time is in decaauts)
 A = Elapsed time spent in this place.
 B = Non-inter-level travel time spent in this place.
 C = Inter-level travel time spent in this place.
 D = Time resting spent in this place.
 E = Time spent auto-exploring this place.
 F = Levels seen in this place.
 G = Mean time per level.
                   A        B        C        D        E       F      G
               +--------+--------+--------+--------+--------+-----+--------+
         Total |   6325 |   6161 |    164 |    967 |   4310 |   5 | 1265.0 |
       Dungeon |   6325 |   6161 |    164 |    967 |   4310 |   5 | 1265.0 |
               +--------+--------+--------+--------+--------+-----+--------+

Top non-repeatable levels by time:
     D:4: 1986 daAuts
     D:3: 1712 daAuts
     D:1: 966 daAuts
     D:5: 901 daAuts
     D:2: 759 daAuts
